 Dungeon Crawl Stone Soup version 0.24-a0-415-g6d73c25c48 (webtiles) character file.

Game seed: 1146264123563516147

802 whistler the Chucker (level 7, -1/71 HPs)
             Began as an Ogre Hunter on June 7, 2019.
             Was a Believer of Cheibriados.
             Slain by an orc warrior
             ... wielding a +0 great sword
              (15 damage)
             ... on level 5 of the Dungeon.
             The game lasted 00:21:43 (5752 turns).

whistler the Chucker (Ogre Hunter)                  Turns: 5752, Time: 00:21:45

Health: -1/71      AC:  3    Str: 24    XL:     7   Next: 90%
Magic:  8/8        EV: 11    Int: 18    God:    Cheibriados [**....]
Gold:   203        SH:  0    Dex: 16    Spells: 3/6 levels left

rFire    + . .     SeeInvis .   r - +0 hand axe
rCold    . . .     Gourm    .   (no shield)
rNeg     . . .     Faith    .   b - +0 robe
rPois    +         Spirit   .   (helmet restricted)
rElec    +         Reflect  .   (no cloak)
rCorr    .         Harm     .   (gloves unavailable)
MR       +....                  (boots unavailable)
Stlth    +++.......             (no amulet)
HPRegen  0.21/turn              i - ring of stealth
MPRegen  0.11/turn              D - ring "Jedecurr" {rElec rPois rF+ MR+}

@: very slightly contaminated, very slow
A: large, unfitting armour, tough skin 1
a: Bend Time, Renounce Religion


You were on level 5 of the Dungeon.
You worshipped Cheibriados.
Cheibriados was pleased with you.
You were not hungry.

You visited 1 branch of the dungeon, and saw 5 of its levels.

You collected 203 gold pieces.

Inventory:

Hand Weapons
 a - a +0 short sword
 l - a +0 spear
 r - a +0 hand axe (weapon)
 G - a cursed -3 trident
Missiles
 d - 4 large rocks (quivered)
 k - 70 stones
 q - a throwing net
 s - 23 sling bullets
 B - 17 poisoned darts
Armour
 b - a +0 robe (worn)
Jewellery
 i - a ring of stealth (left hand)
 t - an uncursed ring of fire
 D - the ring "Jedecurr" (right hand) {rElec rPois rF+ MR+}
   (You took it off an orc on level 4 of the Dungeon)

   [ring of protection from magic]

   It protects you from fire.
   It insulates you from electricity.
   It protects you from poison.
   It affects your resistance to hostile enchantments.
Scrolls
 c - 2 scrolls of teleportation {unknown}
 e - a scroll of blinking {unknown}
 g - a scroll of amnesia {unknown}
 h - a scroll of fear {unknown}
 j - a scroll of enchant weapon {unknown}
 n - a scroll of magic mapping {unknown}
 o - 8 scrolls of identify {unknown}
 x - 4 scrolls of remove curse {unknown}
 y - a scroll of random uselessness {unknown}
 E - a scroll of immolation {unknown}
 F - a scroll of noise {unknown}
Potions
 m - 2 potions of agility {unknown}
 p - 3 potions of curing
 u - 3 potions of cancellation {unknown}
 v - 3 potions of lignification {unknown}
 w - a potion of brilliance {unknown}
 z - a potion of degeneration {unknown}
 A - a potion of heal wounds {unknown}
Comestibles
 f - 11 rations


   Skills:
 + Level 4.5 Fighting
 - Level 1.8 Short Blades
 + Level 3.1 Axes
 + Level 6.9 Throwing
 + Level 2.2 Dodging
 + Level 2.0 Stealth
 * Level 2.5 Invocations


You had 3 spell levels left.
You knew the following spells:

 Your Spells              Type           Power        Failure   Level  Hunger
a - Shock                 Conj/Air       #...         22%         1    ##.....
b - Call Imp              Summ           #.......     32%         2    ###....

Your spell library contained the following spells:

 Spells                   Type           Power        Failure   Level  Hunger
 Summon Small Mammal      Summ           #...         22%         1    ##.....
 Swiftness                Chrm/Air       #.......     32%         2    ###....
 Call Canine Familiar     Summ           #.......     54%         3    ####...
 Static Discharge         Conj/Air       #.......     54%         3    ####...
 Summon Guardian Golem    Hex/Summ       #.......     54%         3    ####...
 Airstrike                Air            #.........   91%         4    #####..
 Summon Ice Beast         Ice/Summ       #.......     91%         4    #####..
 Summon Lightning Spire   Summ/Air       #.......     91%         4    #####..
 Lightning Bolt           Conj/Air       #.........   99%         5    ######.


Dungeon Overview and Level Annotations

Branches:
Dungeon (5/15)
 Temple: D:4-7

Altars:
Ashenzari
Cheibriados
Hepliaklqana
Makhleb
Qazlal
Trog
Uskayaw

Shops:
D:4 :


Innate Abilities, Weirdness & Mutations

You are too large for most types of armour.
You have tough skin. (AC +1)


Message History

You hit the gnoll sergeant.
The gnoll sergeant is severely wounded.
The gnoll sergeant hits you with a +0 trident!
* * * LOW HITPOINT WARNING * * *
You hit the gnoll sergeant.
You kill the gnoll sergeant!
Cheibriados thoroughly appreciates the change of pace.
Cheibriados raises the support of your attributes as your movement slows.
Your Axes skill increases to level 3!
Throwing (i - inventory. (/) - cycle)
d - 5 large rocks (quivered)
Press: ? - help, Shift-Dir - straight line, f - orc warrior
Aim: an orc warrior, wielding a +0 great sword and wearing a +0 chain mail You throw a large rock.
The large rock barely misses the orc warrior.
The large rock hits Blork the orc!!!
You kill Blork the orc!
Cheibriados appreciates the change of pace.
Your Stealth skill increases to level 2!
The orc warrior hits you with a +0 great sword!
You die...

# # # # #### # # ... ...
###################.#.....
.......รท........@o(((..(..
##.################....###
.......... ...(#)#
#....##### ##..### #....#
..... [....# ..o. #.####
... #.####### ... #.......#


You could see an orc warrior.

Vanquished Creatures
  A water moccasin (D:5)
  An orc warrior (D:4)
  Blork the orc (D:5)
  A gnoll sergeant (D:5)
  A bullfrog zombie (D:5)
  A jelly (D:4)
  A bullfrog skeleton (D:4)
  2 orc wizards (D:3)
  Ijyb (D:4)
  Jessica (D:2)
  2 worker ants
  A hound skeleton (D:4)
  Robin (D:2)
  4 gnolls
  6 adders
  3 worms (D:4)
  2 dart slugs
  A leopard gecko (D:4)
  8 orcs
  6 giant cockroaches
  18 goblins
  5 hobgoblins
  13 jackals
  A quokka (D:3)
  6 bats
  6 frilled lizards
  A jackal skeleton (D:4)
  6 kobolds
  A leopard gecko zombie (D:5)
  3 rats (D:4)
105 creatures vanquished.

Vanquished Creatures (others)
  Sigmund (D:2)
  A giant cockroach (D:2)
2 creatures vanquished.

Grand Total: 107 creatures vanquished

Notes
Turn   | Place    | Note
-------+----------+-------------------------------------------
     0 | D:1      | whistler the Ogre Hunter began the quest for the Orb.
     0 | D:1      | Reached XP level 1. HP: 22/22 MP: 1/1
    44 | D:1      | Reached XP level 2. HP: 13/29 MP: 2/2
   931 | D:1      | Reached XP level 3. HP: 36/36 MP: 3/3
  1069 | D:2      | Killed Sigmund
  1237 | D:2      | Noticed Jessica
  1252 | D:2      | Killed Jessica
  1252 | D:2      | Reached skill level 1 in Short Blades
  1252 | D:2      | Reached skill level 1 in Stealth
  1252 | D:2      | Reached XP level 4. HP: 17/45 MP: 4/4
  1464 | D:2      | Noticed Robin
  1501 | D:2      | Killed Robin
  1502 | D:2      | Reached skill level 5 in Throwing
  1853 | D:2      | Found a snail-covered altar of Cheibriados.
  1858 | D:2      | Became a worshipper of Cheibriados the Contemplative
  2020 | D:2      | Found a hide-covered altar of Uskayaw.
  2836 | D:3      | Reached XP level 5. HP: 48/53 MP: 5/5
  2901 | D:3      | Found a faded altar of an unknown god.
  2935 | D:3      | Reached * piety under Cheibriados
  3316 | D:3      | Reached skill level 1 in Axes
  4280 | D:3      | Reached XP level 6. HP: 31/62 MP: 6/6
  4449 | D:3      | Found a stormy altar of Qazlal.
  4599 | D:4      | Learned a level 1 spell: Shock
  4607 | D:4      | Found a shattered altar of Ashenzari.
  4736 | D:4      | Noticed Ijyb
  4752 | D:4      | Killed Ijyb
  4819 | D:4      | Reached skill level 1 in Invocations
  4826 | D:4      | Found a burning altar of Makhleb.
  4837 | D:4      | Reached ** piety under Cheibriados
  4841 | D:4      | Found a hazy altar of Hepliaklqana.
  4919 | D:4      | Noticed an orc warrior
  4953 | D:4      | Reached skill level 6 in Throwing
  4984 | D:4      | Killed an orc warrior
  4984 | D:4      | Reached XP level 7. HP: 66/70 MP: 6/8
  5065 | D:4      | Identified the ring "Jedecurr" {rElec rPois rF+ MR+}
  5068 | D:4      | Found Eqos's Book Shoppe.
  5098 | D:4      | Noticed a moth of wrath
  5101 | D:4      | Found a bloodstained altar of Trog.
  5387 | D:5      | Entered Level 5 of the Dungeon
  5535 | D:5      | Learned a level 2 spell: Call Imp
  5727 | D:5      | Noticed Blork the orc
  5752 | D:5      | Killed Blork the orc
  5752 | D:5      | Slain by an orc warrior

Levels and vault maps discovered:
D:1:      eino_arrival_water_star, layout_basic
D:2:      layout_basic, overflow_temple_1_default,
          eat_drink_and_be_merry_uskayaw, lemuel_old_faithful, uniq_robin,
          uniq_sigmund, uniq_jessica
D:3:      layout_basic, nicolae_qazlal_eye_of_the_storm, first_ration,
          chequers_ecumenical_altar_simple_redux
D:4:      layout_rooms, evilmike_ruin_ashenzari, tgw_trog,
          chequers_temple_overflow_statue_of_worship, serial_shops,
          kennysheep_mini, uniq_ijyb
D:5:      layout_basic, sword_in_stone

Skill      XL: |  1  2  3  4  5  6  7 |
---------------+----------------------+-----
Fighting       | 3 4 |  4.5
Short Blades   | 1 |  1.8
Stealth        | 1 2 |  2.0
Throwing       | 5 6 |  6.9
Axes           | 1 2 3 |  3.1
Invocations    | 1 2 |  2.5
Dodging        | 2 |  2.2

Action                   |  1- 3 |  4- 6 |  7- 9 || total
-------------------------+-------+-------+-------++-------
Melee: Short sword       |    84 |    42 |       ||   126
       Hand axe          |       |    98 |    33 ||   131
Throw: Large rock        |     4 |    11 |     2 ||    17
       Stone             |    17 |   168 |    35 ||   220
       Throwing net      |       |     2 |       ||     2
       Dart              |       |    40 |    19 ||    59
 Cast: Shock             |       |       |     1 ||     1
 Stab: Sleeping          |     4 |     2 |       ||     6
       Held in net/web   |       |     1 |       ||     1
  Eat: Chunk             |     1 |     8 |     2 ||    11
Armor: Robe              |    35 |    38 |     9 ||    82
Dodge: Dodged            |    58 |   106 |    29 ||   193

Table legend:
 A = Non-vault XP
 B = Vault XP
 C = Vault XP percentage of total XP
 D = Non-vault monster count
 E = Vault monster count
 F = Vault count percentage of total count
                 A         B        C        D         E       F
            +---------+---------+-------+---------+---------+-------
      Total |     842 |     304 |  26.5 |      84 |      21 |  20.0
            +---------+---------+-------+---------+---------+-------
        D:1 |      36 |       0 |   0.0 |      20 |       0 |   0.0
        D:2 |      83 |      71 |  46.1 |      19 |      13 |  40.6
        D:3 |     161 |       0 |   0.0 |      20 |       0 |   0.0
        D:4 |     301 |      52 |  14.7 |      19 |       6 |  24.0
        D:5 |     261 |     181 |  41.0 |       6 |       2 |  25.0
            +---------+---------+-------+---------+---------+-------
